 Dungeon Crawl Stone Soup version 0.27-a0-1065-ge809cff456 (webtiles) character file.

Game seed: 5009811566118451236

0 flotson the Covert (level 1, 0/23 HPs)
             Began as a Gnoll Delver on Apr 22, 2021.
             Was an Initiate of Fedhas.
             Slain by an adder (2 damage)
             ... on level 3 of the Dungeon.
             The game lasted 00:01:33 (356 turns).

flotson the Covert (Gnoll Delver)                    Turns: 356, Time: 00:01:33

Health: 0/23       AC:  6    Str: 11    XL:     1   Next: 10%
Magic:  1/1        EV:  9    Int:  9    God:    Fedhas [......]
Gold:   17         SH:  0    Dex: 13    Spells: 0/0 levels left

rFire    . . .     SeeInvis .   a - +0 hand axe
rCold    . . .     Faith    .   (no shield)
rNeg     . . .     Spirit   .   m - +0 scale mail
rPois    .         Reflect  .   (no helmet)
rElec    .         Harm     .   (no cloak)
rCorr    .         Rampage  .   (no gloves)
Will     .....                  (no boots)
Stlth    +++.......             (no amulet)
HPRegen  0.07/turn              (no ring)
MPRegen  0.07/turn              (no ring)

@: no status effects
A: fangs 1, strong nose, distributed training
a: Renounce Religion


You were on level 3 of the Dungeon.
You worshipped Fedhas.
Fedhas was noncommittal.
You visited 2 branches of the dungeon, and saw 4 of its levels.

You collected 17 gold pieces.

Inventory:

Hand Weapons
 a - a +0 hand axe (weapon)
Missiles
 b - 18 arrows
 n - 2 poisoned darts (quivered)
Armour
 m - a +0 scale mail (worn)
 o - a +0 pair of boots
Wands
 g - a wand of digging (3)
 i - a wand of polymorph (10)
Scrolls
 c - a scroll of fog
 d - a scroll of magic mapping
 h - a scroll of identify {unknown}
 l - a scroll of enchant weapon {unknown}
Potions
 f - 2 potions of haste
 j - a potion of curing {unknown}
 k - a potion of mutation {unknown}


   Skills:
 + Level 6.4 Fighting
 + Level 0.0 Short Blades
 + Level 0.0 Long Blades
 + Level 4.4 Axes
 + Level 0.0 Maces & Flails
 + Level 0.0 Polearms
 + Level 0.0 Staves
 + Level 0.0 Slings
 + Level 0.0 Bows
 + Level 0.0 Crossbows
 + Level 0.0 Throwing
 + Level 0.0 Armour
 + Level 4.4 Dodging
 + Level 9.5 Stealth
 + Level 0.0 Shields
 + Level 0.0 Unarmed Combat
 + Level 0.0 Spellcasting
 + Level 0.0 Conjurations
 + Level 0.0 Hexes
 + Level 0.0 Summonings
 + Level 0.0 Necromancy
 + Level 0.0 Translocations
 + Level 0.0 Transmutations
 + Level 0.0 Fire Magic
 + Level 0.0 Ice Magic
 + Level 0.0 Air Magic
 + Level 0.0 Earth Magic
 + Level 0.0 Poison Magic
 + Level 0.0 Invocations
 + Level 0.0 Evocations


You couldn't memorise any spells.
You didn't know any spells.
Your spell library was empty.

Dungeon Overview and Level Annotations

Branches:
Dungeon (5/15)             Temple (1/1) D:5

Altars:
Ashenzari
Cheibriados
Elyvilon
Fedhas
Gozag
Hepliaklqana
Kikubaaqudgha
Makhleb
Nemelex Xobeh
Qazlal
Sif Muna
Trog
Vehumet
Yredelemnul


Innate Abilities, Weirdness & Mutations

You have very sharp teeth.
Your uncanny sense of smell can sniff out nearby items.
Your experience applies equally to all skills.


Message History

The hobgoblin hits you.
A ball python comes into view.
The phantom barely misses you.
Unknown command.
As you read the scroll of fear, it crumbles to dust.
You assume a fearsome visage.
The kobold looks frightened!
The ball python looks frightened!
The phantom is unaffected.
The hobgoblin looks frightened!
The phantom hits you but does no damage.
You completely miss the phantom.
The kobold howls in fear.
The phantom barely misses you.
You hit the phantom.
The phantom is lightly damaged.
The phantom hits you.
The phantom blinks!
You blink.
The phantom hits you.
The phantom blinks!
You blink.
An adder comes into view.
The endoplasm jiggles.
The adder hisses angrily.
The adder bites you.
* * * LOW HITPOINT WARNING * * *
You are poisoned.
The adder poisons you!
* * * LOW HITPOINT WARNING * * *
You feel sick.
* * * LOW HITPOINT WARNING * * *
You feel sick.
* * * LOW HITPOINT WARNING * * *
You feel sick. The adder closely misses you.
* * * LOW HITPOINT WARNING * * *
You feel sick.
You are no longer poisoned.
The adder misses you. The adder bites you but does no damage.
A rat comes into view.
The adder completely misses you. The rat bites you but does no damage.
The adder bites you.
You die...
Fedhas appreciates your contribution to the ecosystem.

.. ... ..##....
#.# #.# #.##.###
#.####.####.##....
#.#......J........
#.#.#####.#.##....
#.#W# #.#.##....
###.#.# #...##....
#...Sr# #.#.###.#.
#.#@#.# #...# #...
#.#... ..### ##.#
..##.###### .#
.### .# .# #. ..
.# ∆# #.# .#


You could see a phantom, an adder and a rat.

Vanquished Creatures
  A kobold (D:4)
1 creature vanquished.

Notes
Turn   | Place    | Note
-------+----------+-------------------------------------------
     0 | D:5      | Reached skill level 9 in Stealth
     0 | D:5      | flotson the Gnoll Delver began the quest for the Orb.
     0 | D:5      | Reached XP level 1. HP: 23/23 MP: 1/1
    76 | D:5      | Found a staircase to the Ecumenical Temple.
    82 | Temple   | Entered the Ecumenical Temple
   112 | Temple   | Became a worshipper of Fedhas Madash
   151 | D:5      | Noticed an iguana
   179 | D:5      | Noticed a howler monkey
   306 | D:4      | Noticed a phantom
   343 | D:3      | HP: 1/23 [poisoned by an adder]
   356 | D:3      | Slain by an adder

Illustrated notes

Levels and vault maps discovered:
D:3:      layout_loops_cross, cheibrodos_sewer_entry_bend, amethyst_killhole,
          uniq_ijyb, uniq_grinder
D:4:      layout_rooms, minmay_pentomino_pile
D:5:      lemuel_ratsnest, layout_basic, temple_green,
          kennysheep_generic_room_8, uniq_eustachio
Temple:   compressed_dpeg_circular_temple

Skill      XL: | |
---------------+-+-----
Stealth        | |  9.5
Fighting       | |  6.4
Axes           | |  4.4
Dodging        | |  4.4

Action                   || total
-------------------------++-------
Melee: Hand axe          ||     8
  Use: Scroll            ||     1
Armor: Scale mail        ||     9
Dodge: Dodged            ||    11

Table legend: (Time is in decaauts)
 A = Elapsed time spent in this place.
 B = Non-inter-level travel time spent in this place.
 C = Inter-level travel time spent in this place.
 D = Time resting spent in this place.
 E = Time spent auto-exploring this place.
 F = Levels seen in this place.
 G = Mean time per level.
                   A        B        C        D        E       F      G
               +--------+--------+--------+--------+--------+-----+--------+
         Total |    356 |    326 |     30 |      0 |    150 |   4 |   89.0 |
       Dungeon |    296 |    295 |      1 |      0 |    126 |   3 |   98.7 |
        Temple |     59 |     30 |     29 |      0 |     24 |   1 |   59.0 |
               +--------+--------+--------+--------+--------+-----+--------+

Top non-repeatable levels by time:
     D:5: 142 daAuts
     D:4: 122 daAuts
  Temple: 59 daAuts
     D:3: 31 daAuts
